Map: Black Site 2E

Players

Apple

  • Race: Terran Terran
  • Spawn Location: 12:00

BoSS

  • Race: Protoss Protoss
  • Spawn Location: 9:00

Spoogle

  • Race: Zerg Zerg
  • Spawn Location: 11:00

Metasapien - Winner!

  • Race: Zerg Zerg
  • League: Platinum
  • Spawn Location: 3:00

Kswiss - Winner!

  • Race: Protoss Protoss
  • Spawn Location: 6:00

KingK - Winner!

  • Race: Protoss Protoss
  • Spawn Location: 5:00

VOD

Have the link to the VOD?

Description

Time

  • Played on: Sept. 17, 2017, 6:06 p.m.
  • Length: 14:55
Show
View Real Time Build Order
Export as new Build Order

Apple Terran 

Build Orders:  

Get SALT Encoding   

  12  0:02  SCV  
  13  0:14  SCV  
  14  0:29  SCV  
  14  0:33  Supply Depot  
  15  0:42  Refinery  
  15  0:55  SCV  
  16  1:00  Barracks  
  16  1:07  SCV  
  17  1:19  SCV  
  18  1:31  SCV  
  19  1:35  Refinery  
  19  1:43  SCV  
  20  1:48  Marine  
  20  1:50  Supply Depot  
  20  1:53  Barracks  
  21  1:55  SCV  
  22  2:06  Marine  
  23  2:11  SCV  
  24  2:20  Engineering Bay  
  24  2:23  SCV  
  24  2:24  Barracks Reactor  
  25  2:36  SCV  
  26  2:48  Orbital Command  
  26  2:49  Supply Depot  
  26  2:59  Command Center  
  26  3:02  Barracks Tech Lab  
  26  3:05  Marine  
  27  3:09  Marine  
  28  3:22  Factory  
  28  3:30  Marauder  
  30  3:34  Concussive Shells  
  30  3:43  Terran Infantry Weapons Level 1  
  30  3:51  Marauder  
  32  4:05  Marine  
  32  4:06  Marine  
  32  4:08  Supply Depot  
  34  4:12  Marauder  
  34  4:15  SCV  
  37  4:23  Marine x2  
  39  4:27  SCV  
  39  4:28  Factory Tech Lab  
  40  4:34  Marauder  
  42  4:39  SCV  
  43  4:46  Missile Turret  
  43  4:51  SCV, Marine  
  45  4:53  Marine  
  45  4:55  Marauder  
  48  5:03  SCV  
  49  5:09  Missile Turret  
  49  5:15  SCV  
  49  5:16  Marauder  
  52  5:28  SCV  
  51  5:36  Missile Turret  
  51  5:38  Marauder  
  42  5:54  Marine x2  
  36  5:59  Marauder  
  22  6:12  Marine x2  
  23  6:19  SCV  
  23  6:21  Marauder  
  23  6:22  SCV  
  27  6:30  Marine x2  
  27  6:32  SCV  
  30  6:34  SCV  
  31  6:42  Marauder  
  31  6:44  SCV  
  31  6:46  SCV  
  35  6:47  Marine  
  35  6:48  Marine  
  37  6:56  SCV  
  37  6:59  SCV  
  39  7:03  Marauder  
  39  7:08  SCV, Marine x2  
  44  7:11  SCV  
  45  7:20  SCV  
  45  7:21  Terran Infantry Armor Level 1  
  46  7:23  SCV  
  47  7:36  Marauder  
  49  7:39  Marine  
  50  7:58  Marauder  
  52  8:05  Marine  
  53  8:16  Planetary Fortress  
  53  8:19  Marauder  
  55  8:21  Marine  
  55  8:22  Marine  
  57  8:35  SCV  
  57  8:41  Marauder  
  60  8:47  SCV  
  59  8:59  SCV  
  59  9:02  Marauder  
  62  9:18  SCV  
  35  9:34  Marine x2  
  35  9:36  Marauder  
  39  9:41  SCV  
  40  9:52  Marine x2  
  42  9:53  SCV  
  42  9:58  Marauder  
  45  10:05  SCV  
  46  10:09  Marine  
  46  10:10  Marine  
  48  10:17  SCV x2  
  48  10:19  Marauder  
  52  10:22  Hellion  
  52  10:27  Marine x2  
  56  10:29  SCV x2  
  58  10:40  Marauder  
  58  10:41  SCV x2  
  47  10:44  Hellion  
  47  10:45  Marine x2  
  38  10:53  SCV x2  
  40  11:02  Marauder  
  40  11:03  Marine x2  
  44  11:23  Marauder  
  46  12:27  Supply Depot  
  46  12:29  Supply Depot  
  46  12:34  Supply Depot  
  46  12:38  Supply Depot  
  46  12:44  Supply Depot  
  45  12:46  Supply Depot x2  
  45  12:47  Supply Depot x2  
  45  12:49  Supply Depot  
  45  12:50  Supply Depot x2  
  40  12:52  Supply Depot  
  40  12:57  Supply Depot x3  
  39  12:58  Supply Depot  
  39  13:01  Supply Depot  
  39  13:03  Supply Depot x3  
  39  13:04  Supply Depot x2  
  39  13:06  Supply Depot  
  39  13:08  Supply Depot x2  
  39  13:10  Supply Depot  
  38  13:14  Supply Depot  
  38  13:16  Supply Depot x2  
  35  13:20  Supply Depot  
  35  13:24  Supply Depot  
  35  13:27  Supply Depot  
  33  14:01  Missile Turret x2  
  33  14:02  Missile Turret x2  
Show
View Real Time Build Order
Export as new Build Order

BoSS Protoss 

Build Orders: Blink Stalkers 

Get SALT Encoding   

  12  0:01  Probe (Chrono Boost)  
  13  0:14  Probe (Chrono Boost)  
  14  0:23  Pylon  
  14  0:25  Probe (Chrono Boost)  
  15  0:40  Assimilator  
  15  0:41  Probe (Chrono Boost)  
  16  0:47  Gateway  
  16  0:54  Pylon  
  16  1:20  Gateway  
  16  1:23  Assimilator  
  16  1:26  Pylon  
  16  1:28  Probe (Chrono Boost)  
  17  1:37  Cybernetics Core  
  17  1:39  Probe (Chrono Boost)  
  18  1:49  Probe (Chrono Boost)  
  19  2:02  Probe (Chrono Boost)  
  20  2:12  Probe (Chrono Boost)  
  20  2:14  Warp Gate (Chrono Boost)  
  21  2:18  Twilight Council  
  21  2:22  Gateway  
  21  2:24  Probe  
  22  2:37  Probe  
  23  2:49  Probe  
  24  2:55  Blink (Chrono Boost)  
  24  2:57  Stalker  
  26  3:00  Pylon  
  26  3:15  Stalker  
  26  3:16  Stalker  
  30  3:30  Probe  
  31  3:37  Gateway  
  31  3:42  Probe  
  31  3:47  Pylon  
  32  3:50  Pylon  
  32  3:54  Probe  
  33  4:09  Stalker x2  
  37  4:12  Stalker  
  39  4:38  Stalker  
  39  4:39  Stalker x2  
  45  5:23  Robotics Facility  
  30  6:11  Observer (Chrono Boost)  
  31  6:20  Stalker x2  
  31  6:21  Stalker x2  
  39  6:45  Nexus  
  39  6:56  Probe  
  39  6:57  Pylon  
  39  7:00  Pylon  
  40  7:02  Pylon  
  41  7:08  Probe  
  41  7:20  Probe  
  42  7:32  Probe  
  43  7:40  Stalker  
  43  7:43  Pylon  
  45  7:44  Probe  
  46  7:56  Probe  
  47  8:14  Stalker x3  
  53  8:29  Probe  
  53  8:33  Probe  
  54  8:39  Probe  
  52  8:41  Observer (Chrono Boost)  
  50  8:50  Probe  
  48  9:00  Probe  
  36  9:08  Zealot  
  10  9:35  Probe  
  11  9:40  Probe  
  12  9:46  Probe (Chrono Boost)  
  12  9:53  Probe (Chrono Boost)  
  13  10:04  Probe (Chrono Boost)  
Show
View Real Time Build Order
Export as new Build Order

Spoogle Zerg 

Build Orders: Pool First 

Get SALT Encoding   

  12  0:01  Drone  
  13  0:24  Spawning Pool  
  13  0:26  Drone  
  13  0:31  Extractor  
  13  0:34  Drone  
  13  0:43  Drone  
  13  0:48  Overlord  
  14  1:10  Queen  
  16  1:12  Drone  
  16  1:13  Drone  
  18  1:34  Metabolic Boost  
  18  1:38  Drone x3  
  21  1:51  Zergling x2  
  22  2:06  Hatchery  
  21  2:21  Overlord  
  21  2:39  Queen  
  22  2:52  Drone x5  
  22  2:53  Drone x2  
  29  2:59  Overlord  
  29  3:06  Extractor  
  28  3:26  Zergling x10  
  28  3:27  Zergling x2  
  34  3:37  Spine Crawler  
  33  3:42  Overlord  
  33  3:47  Lair  
  33  3:57  Drone  
  33  3:58  Drone x5  
  39  4:19  Evolution Chamber  
  39  4:20  Overlord  
  38  4:29  Drone x7  
  45  4:33  Extractor  
  45  4:35  Extractor  
  41  4:54  Spine Crawler  
  35  5:20  Overseer  
  34  5:31  Zergling x12  
  34  5:32  Zergling x8  
  41  6:03  Hatchery  
  38  6:24  Lair  
  38  6:25  Zergling x6  
  41  6:49  Overlord  
  41  6:56  Zergling x6  
  44  7:24  Spire  
  44  7:25  Overseer  
  43  7:59  Overlord  
  43  8:00  Overlord  
  42  8:41  Mutalisk x8  
  58  8:55  Overseer  
  56  8:56  Overseer  
  52  9:10  Mutalisk x3  
  55  9:17  Mutalisk x3  
  60  9:33  Mutalisk  
  62  9:44  Mutalisk  
  62  9:45  Mutalisk x3  
  68  9:50  Mutalisk  
  72  10:04  Overlord  
  72  10:19  Zergling x4  
  72  10:20  Zergling x4  
  76  10:54  Zergling x6  
  76  10:55  Zergling x4  
  81  11:09  Zergling x4  
Show
View Real Time Build Order
Export as new Build Order

Metasapien Zerg - Winner!

Build Orders: Pool First 

Get SALT Encoding   

  12  0:01  Drone  
  13  0:23  Spawning Pool  
  13  0:26  Drone  
  13  0:32  Drone  
  14  0:36  Extractor  
  14  0:40  Drone  
  14  0:47  Overlord  
  14  1:05  Drone x2  
  16  1:26  Hatchery  
  15  1:34  Drone x2  
  15  1:39  Drone  
  18  1:44  Metabolic Boost  
  18  1:50  Zergling x2  
  19  1:58  Drone  
  20  2:22  Hatchery  
  19  2:23  Overlord  
  19  2:27  Drone  
  20  2:37  Queen  
  21  2:46  Zergling x4  
  21  2:48  Drone  
  24  2:59  Queen  
  24  3:03  Drone  
  27  3:16  Drone x2  
  29  3:23  Drone  
  30  3:29  Pneumatized Carapace  
  30  3:30  Roach Warren  
  29  3:36  Queen  
  31  3:48  Drone x2  
  33  3:50  Drone x2  
  33  3:53  Extractor  
  33  3:55  Drone x2  
  36  3:58  Drone  
  36  4:01  Drone  
  38  4:04  Zergling x2  
  38  4:05  Zergling x2  
  38  4:08  Zergling x2  
  39  4:10  Zergling x2  
  40  4:20  Zergling x4  
  40  4:21  Spine Crawler, Zergling x2  
  42  4:27  Overlord  
  42  4:29  Overlord  
  42  4:45  Queen  
  40  4:49  Zergling x6  
  40  4:50  Roach x2  
  48  5:01  Zergling x4  
  48  5:02  Zergling x2  
  50  5:14  Spine Crawler  
  44  5:15  Zergling x2  
  44  5:16  Zergling x10  
  50  5:27  Drone  
  50  5:28  Drone  
  52  5:31  Spine Crawler  
  52  5:33  Spine Crawler  
  44  5:43  Roach x4  
  47  5:57  Lair  
  47  6:01  Drone x6  
  47  6:02  Drone x2  
  47  6:03  Drone  
  56  6:08  Overlord  
  56  6:22  Spore Crawler  
  56  6:25  Spore Crawler  
  54  6:27  Drone  
  54  6:28  Drone x3  
  54  6:29  Evolution Chamber  
  54  6:31  Overlord  
  57  6:43  Drone x6  
  63  6:52  Extractor  
  62  6:56  Extractor  
  62  7:00  Hydralisk Den  
  60  7:02  Infestation Pit, Zerg Ground Armor Level 1  
  60  7:03  Glial Reconstitution  
  59  7:24  Drone x3  
  59  7:25  Drone x3  
  59  7:27  Extractor x2  
  59  7:28  Drone x3  
  59  7:29  Drone x3  
  69  7:36  Overlord x2  
  69  7:37  Overlord x2  
  69  7:41  Hydralisk x2  
  73  7:50  Drone  
  73  7:54  Hydralisk x2  
  73  7:55  Roach x2  
  73  7:56  Evolution Chamber  
  76  8:02  Roach x2  
  76  8:03  Roach  
  76  8:04  Roach  
  84  8:06  Roach  
  86  8:14  Roach x3  
  86  8:15  Roach  
  94  8:29  Zerg Missile Weapons Level 1  
  94  8:45  Hydralisk x3  
  94  8:46  Overlord x2, Roach x2  
  94  8:48  Zergling x4  
  106  8:59  Zerg Ground Armor Level 2  
  86  9:10  Zergling x6, Hydralisk  
  86  9:11  Roach x2, Zergling x4, Hydralisk x2  
  86  9:12  Roach x2  
  104  9:19  Overlord  
  104  9:20  Overlord x2  
  91  9:26  Drone  
  90  9:38  Drone x3  
  93  9:43  Hive  
  93  9:47  Muscular Augments  
  93  9:49  Hatchery  
  92  9:57  Zergling x4  
  92  9:58  Zergling x4, Hydralisk x2  
  92  9:59  Roach  
  104  10:00  Roach  
  104  10:12  Queen  
  104  10:13  Queen  
  108  10:34  Ravager  
  108  10:35  Ravager x2  
  110  10:37  Hydralisk x2  
  110  10:38  Hydralisk x5  
  110  10:40  Hydralisk  
  95  11:01  Hydralisk x2  
  95  11:02  Hydralisk x2  
  100  11:09  Hydralisk x2  
  101  11:13  Drone x3  
  101  11:14  Drone  
  101  11:15  Drone x2  
  105  11:20  Drone x2  
  107  11:29  Drone  
  108  11:38  Overseer  
  108  11:39  Extractor  
  105  11:42  Extractor  
  98  11:53  Adrenal Glands  
  98  11:54  Zerg Missile Weapons Level 2  
  98  12:02  Drone x2, Ultralisk Cavern  
  98  12:03  Drone x3  
  98  12:04  Drone  
  98  12:06  Drone x4, Hydralisk  
  98  12:07  Roach, Hydralisk x2  
  98  12:08  Zergling x10  
  118  12:09  Zergling x2  
  121  12:24  Nydus Network  
  120  12:30  Hydralisk x3  
  120  12:31  Hydralisk x2  
  120  12:34  Overlord x5  
  120  12:35  Overlord x3  
  130  12:44  Hatchery  
  129  13:05  Nydus Canal  
  129  13:07  Hydralisk  
  129  13:08  Roach x3, Hydralisk x5  
  129  13:09  Hydralisk, Roach x4  
  157  13:43  Ultralisk  
  157  13:44  Ultralisk  
  167  14:20  Extractor  
  167  14:21  Extractor  
  159  14:36  Zergling x20  
  159  14:37  Zergling x40  
Show
View Real Time Build Order
Export as new Build Order

Kswiss Protoss - Winner!

Build Orders: Oracle Opening 

Get SALT Encoding   

  12  0:02  Probe (Chrono Boost)  
  13  0:12  Probe (Chrono Boost)  
  14  0:23  Probe (Chrono Boost), Pylon  
  15  0:42  Probe (Chrono Boost)  
  16  0:47  Forge  
  16  0:53  Gateway  
  16  0:56  Probe (Chrono Boost)  
  17  1:01  Assimilator  
  17  1:09  Probe (Chrono Boost)  
  18  1:20  Probe (Chrono Boost)  
  19  1:30  Probe (Chrono Boost)  
  20  1:38  Photon Cannon  
  20  1:41  Probe (Chrono Boost)  
  20  1:44  Pylon  
  21  1:50  Cybernetics Core  
  21  1:51  Probe (Chrono Boost)  
  22  2:02  Probe (Chrono Boost)  
  22  2:06  Photon Cannon  
  22  2:18  Photon Cannon  
  22  2:23  Assimilator  
  22  2:24  Probe (Chrono Boost)  
  23  2:34  Stargate  
  23  2:35  Probe (Chrono Boost)  
  24  2:57  Nexus  
  24  3:13  Pylon  
  24  3:19  Oracle (Chrono Boost)  
  27  3:47  Photon Cannon  
  27  3:48  Pylon  
  27  3:53  Photon Cannon  
  27  4:09  Probe  
  28  4:17  Photon Cannon  
  28  4:19  Photon Cannon  
  28  4:20  Probe  
  28  4:23  Photon Cannon  
  29  4:30  Probe  
  29  4:31  Photon Cannon  
  30  4:39  Assimilator  
  30  4:41  Probe  
  31  4:51  Probe  
  32  5:01  Void Ray (Chrono Boost)  
  33  5:17  Zealot (Chrono Boost)  
  35  5:42  Zealot (Chrono Boost)  
  37  5:43  Void Ray (Chrono Boost)  
  41  6:08  Zealot  
  43  6:14  Nexus  
  43  6:16  Pylon  
  43  6:21  Void Ray (Chrono Boost)  
  43  6:24  Protoss Air Weapons Level 1 (Chrono Boost)  
  47  6:27  Protoss Shields Level 1 (Chrono Boost)  
  47  6:35  Zealot  
  49  6:42  Photon Cannon  
  49  6:44  Photon Cannon  
  49  6:48  Pylon  
  49  6:50  Photon Cannon  
  49  7:07  Void Ray  
  53  7:14  Stargate  
  53  7:39  Assimilator  
  53  7:47  Pylon  
  53  7:51  Pylon  
  53  7:55  Pylon  
  53  8:06  Stargate  
  53  8:07  Void Ray  
  53  8:09  Void Ray  
  61  8:20  Photon Cannon  
  61  8:22  Probe  
  62  8:32  Probe  
  63  8:43  Probe  
  62  9:40  Probe  
  63  9:51  Probe  
  63  9:59  Void Ray x2  
  68  10:00  Void Ray  
  68  10:01  Probe  
  68  10:05  Stargate  
  77  10:11  Fleet Beacon  
  77  10:12  Probe  
  78  10:15  Stargate  
  78  10:23  Probe  
  79  10:30  Protoss Air Armor Level 1 (Chrono Boost)  
  79  11:02  Void Ray x2  
  79  11:25  Nexus  
  67  11:37  Carrier  
  67  11:39  Phoenix  
  63  12:07  Phoenix x2  
  67  12:21  Assimilator  
  67  12:23  Assimilator  
  67  12:30  Phoenix x2  
  67  12:32  Phoenix  
  67  12:34  Nexus  
  73  12:45  Probe  
  74  12:53  Void Ray  
  74  12:56  Probe  
  79  13:06  Probe  
  80  13:17  Probe  
  79  13:27  Probe  
  80  13:44  Probe  
  81  13:54  Probe  
  81  13:57  Probe  
  83  14:05  Probe  
  83  14:07  Probe  
  85  14:15  Probe  
  85  14:18  Probe  
  87  14:26  Probe  
  87  14:28  Probe, Assimilator  
  87  14:30  Assimilator  
  105  14:39  Probe  
Show
View Real Time Build Order
Export as new Build Order

KingK Protoss - Winner!

Build Orders: Dark Templar Rush 

Get SALT Encoding   

  12  0:03  Probe (Chrono Boost)  
  14  0:14  Probe (Chrono Boost)  
  14  0:20  Pylon  
  14  0:24  Probe (Chrono Boost)  
  15  0:39  Probe (Chrono Boost)  
  15  0:41  Forge  
  16  0:49  Probe (Chrono Boost)  
  17  0:55  Gateway  
  17  1:00  Probe (Chrono Boost)  
  18  1:05  Assimilator  
  18  1:10  Probe (Chrono Boost)  
  19  1:14  Assimilator  
  19  1:21  Probe (Chrono Boost)  
  20  1:26  Photon Cannon  
  20  1:31  Probe (Chrono Boost)  
  21  1:36  Pylon  
  21  1:47  Cybernetics Core  
  21  1:50  Probe (Chrono Boost)  
  22  2:01  Pylon  
  22  2:05  Probe (Chrono Boost)  
  23  2:17  Photon Cannon  
  23  2:25  Twilight Council  
  23  2:28  Warp Gate (Chrono Boost)  
  23  2:31  Probe (Chrono Boost)  
  24  2:57  Gateway  
  24  3:03  Dark Shrine  
  24  3:08  Gateway  
  24  3:15  Pylon  
  24  3:22  Pylon  
  24  3:34  Photon Cannon  
  24  3:52  Probe  
  25  4:04  Probe  
  26  4:21  Dark Templar x3  
  32  4:36  Nexus  
  32  4:38  Pylon  
  32  4:45  Probe  
  33  4:55  Dark Templar x3  
  39  5:29  Photon Cannon  
  39  5:30  Photon Cannon  
  39  5:37  Dark Templar x2  
  30  6:42  Probe  
  30  6:46  Blink (Chrono Boost)  
  31  6:48  Protoss Ground Weapons Level 1  
  31  6:50  Probe  
  31  6:52  Probe  
  33  7:01  Photon Cannon  
  33  7:02  Probe, Pylon  
  33  7:03  Probe  
  33  7:06  Assimilator  
  35  7:10  Assimilator  
  35  7:12  Gateway  
  35  7:13  Probe  
  35  7:14  Probe, Gateway  
  37  7:24  Probe  
  37  7:26  Probe  
  39  7:34  Probe  
  40  7:57  Stalker x3  
  46  8:15  Stalker x2  
  50  8:26  Robotics Facility  
  50  8:36  Probe  
  51  8:53  Stalker x5  
  59  9:49  Stalker x5  
  69  9:55  Observer, Protoss Ground Weapons Level 2 (Chrono Boost)  
  70  10:06  Nexus  
  70  10:13  Probe  
  70  10:15  Photon Cannon  
  71  10:22  Pylon  
  71  10:40  Photon Cannon  
  71  10:43  Photon Cannon  
  71  10:45  Photon Cannon  
  71  10:49  Assimilator  
  72  10:50  Observer  
  72  10:52  Assimilator  
  72  11:04  Pylon  
  72  11:15  Pylon  
  70  12:20  Stalker x3  
  70  12:21  Stalker x2  
  80  12:28  Gateway  
  80  12:31  Gateway  
  80  12:34  Gateway  
  80  12:37  Gateway  
  80  12:40  Gateway  
  80  12:43  Pylon  
  80  12:51  Pylon  
  80  13:04  Dark Templar x3  
  80  13:05  Dark Templar x2  
  90  13:33  Forge  
  90  13:38  Pylon  
  90  13:41  Pylon  
  90  13:42  Pylon  
  90  13:45  Pylon  
  90  13:47  Pylon  
  90  13:49  Pylon  
  90  14:08  Probe  
  91  14:18  Probe  
  92  14:29  Probe  
  93  14:39  Probe  
Tags
 
Add a new tag
Caveats
  • Supply blocks, unpowered buildings, or Contaminate may cause inaccurate times.
  • Supply counts are checked every 10 seconds.